 Dungeon Crawl Stone Soup version 0.31-a0-18-gea43df2a32 (webtiles) character file.

Game seed: 1127939991351476790

693 viral7Mrpickle the Slasher (level 7, 0/61 HPs)
             Began as a Minotaur Monk on May 9, 2023.
             Slain by a gnoll sergeant
             ... wielding a +0 spear
              (8 damage)
             ... on level 8 of the Dungeon.
             The game lasted 00:41:06 (4033 turns).

viral7Mrpickle the Slasher (Minotaur Monk)          Turns: 4033, Time: 00:41:07

Health: 0/61       AC:  8    Str: 18    XL:     7   Next: 37%
Magic:  17/17      EV: 13    Int: 13    God:
Gold:   128        SH:  0    Dex: 12    Spells: 8/8 levels left

rFire   . . .        a - +0 falchion
rCold   + . .        d - orb {light}
rNeg    . . .        k - +2 leather armour {rC+}
rPois   .            (helmet restricted)
rElec   .            H - +2 cloak {rCorr}
rCorr   +            (no gloves)
SInv    .            (no boots)
Will    .....        (no amulet)
Stlth   +            w - ring of magical power
HPRegen 0.30/turn    G - +6 ring of intelligence
MPRegen 0.15/turn

%: no passive effects
@: glowing
A: horns 2, retaliatory headbutt
a: no special abilities


You were on level 8 of the Dungeon.
You visited 1 branch of the dungeon, and saw 6 of its levels.

You collected 128 gold pieces.

Inventory:

Hand Weapons
 a - a +0 falchion (weapon)
 c - a +0 flail
 j - a +0 club
 s - a +0 dagger
 t - a +0 mace
 E - a +0 falchion
 I - a +2 quarterstaff of chaos
 J - a +0 hammer
Missiles
 i - 18 stones
 A - 6 poisoned darts
 K - a throwing net (quivered)
Armour
 b - a +0 robe
 d - an orb of light (worn)
 f - a +0 leather armour
 h - a +0 ring mail
 k - a +2 leather armour of cold resistance (worn)
 o - a +0 pair of gloves
 B - a +0 pair of gloves
 H - a +2 cloak of preservation (worn)
Jewellery
 w - a ring of magical power (left hand)
 G - a +6 ring of intelligence (right hand)
Scrolls
 p - a scroll of vulnerability {unknown}
 q - 3 scrolls of identify {unknown}
 r - 2 scrolls of teleportation {unknown}
 u - a scroll of acquirement {unknown}
 y - a scroll of enchant weapon {unknown}
 F - 2 scrolls of immolation {unknown}
Potions
 g - a potion of magic {unknown}
 l - a potion of attraction
 x - a potion of heal wounds
 D - 3 potions of curing


   Skills:
 + Level 5.0 Fighting
 + Level 6.4 Long Blades
 + Level 0.6 Maces & Flails
 * Level 2.0 Throwing
 * Level 4.1 Armour
 + Level 4.8 Dodging
 + Level 0.4 Stealth
 * Level 1.4 Spellcasting


You had 8 spell levels left.
You didn't know any spells.
Your spell library contained the following spells:

 Spells                   Type           Power      Damage    Failure   Level
 Apportation              Tloc           0%         N/A       32%         1
 Necrotise                Necr           0%         1d4       32%         1
 Summon Small Mammal      Summ           0%         N/A       32%         1
 Conjure Ball Lightning   Conj/Air       0%         3x3d6     100%        6
 Discord                  Hex            0%         N/A       100%        8
 Disjunction              Tloc           0%         N/A       100%        8


Dungeon Overview and Level Annotations

Branches:
Dungeon (8/15)
 Temple: D:4-7         Lair: D:8-11

Altars:


Innate Abilities, Weirdness & Mutations

You have a pair of horns on your head.
You reflexively headbutt those who attack you in melee.


Message History

The gnoll sergeant completely misses you.
You furiously retaliate!
You headbutt the gnoll sergeant.
Unknown command.
It was a potion of cancellation.
You feel magically purged. The gnoll barely misses you.
The gnoll hits you with a +0 flail.
* * * LOW HITPOINT WARNING * * *
The gnoll sergeant hits you with a +0 spear.
* * * LOW HITPOINT WARNING * * *
It was a potion of heal wounds.
You feel much better. The gnoll completely misses you.
The gnoll closely misses you. You furiously retaliate!
You headbutt the gnoll!
You kill the gnoll!
The gnoll sergeant hits you with a +0 spear!
* * * LOW HITPOINT WARNING * * *
It was a potion of curing.
You feel better.
The gnoll hits you from afar with a +0 halberd.
The gnoll sergeant hits you with a +0 spear!
* * * LOW HITPOINT WARNING * * *
It was a potion of haste.
You feel yourself speed up. The gnoll hits you but does no damage.
The gnoll sergeant hits you but does no damage.
The gnoll sergeant hits you from afar with a +0 spear.
* * * LOW HITPOINT WARNING * * *
A gnoll is nearby!
A gnoll is nearby!
You open the door.
There is an open door here.
Your extra speed is starting to run out.
There is an open door here.
The gnoll hits you but does no damage.
You feel yourself slow down.
The gnoll hits you from afar with a +0 halberd!
* * * LOW HITPOINT WARNING * * *
The gnoll sergeant closely misses you.
The gnoll sergeant hits you but does no damage.
The gnoll sergeant attacks as you move away!
The gnoll sergeant hits you with a +0 spear!
* * * LOW HITPOINT WARNING * * *
The gnoll sergeant hits you from afar with a +0 spear!
You die...

########
#......########
#......#......#
#......#......#
#...<..'......#
#......#.....##
#.gg...#######
+......#
#.@....#
#......#
#......#
#......###
##.......#
#.......#
#.......#
#.......#
#.......#


You could see a gnoll sergeant and a gnoll.

Vanquished Creatures
  Prince Ribbit (D:8)
  A water moccasin (D:6)
  A scorpion (D:3)
  2 hounds (D:6)
  Crazy Yiuf (D:6)
  Terence (D:2)
  An orc wizard (D:6)
  4 adders
  9 gnolls
  3 worms (D:2)
  2 dart slugs (D:2)
  4 orcs
  4 bats
  3 endoplasms
  3 giant cockroaches
  3 goblins
  7 hobgoblins
  2 jackals (D:1)
  3 quokkas
  4 ball pythons
  5 frilled lizards
  3 kobolds
  4 rats
71 creatures vanquished.

Vanquished Creatures (collateral kills)
  A gnoll (D:6)
1 creature vanquished.

Grand Total: 72 creatures vanquished

Notes
Turn   | Place    | Note
-------+----------+-------------------------------------------
     0 | D:1      | viral7Mrpickle the Minotaur Monk began the quest for the
                  | Orb.
     0 | D:1      | Reached XP level 1. HP: 19/19 MP: 0/0
   381 | D:1      | Reached XP level 2. HP: 21/27 MP: 1/1
  1055 | D:2      | Noticed Terence
  1230 | D:2      | Reached skill level 4 in Long Blades
  1320 | D:2      | Reached skill level 1 in Armour
  1369 | D:2      | Killed Terence
  1370 | D:2      | Reached XP level 3. HP: 26/33 MP: 2/2
  1591 | D:2      | Reached XP level 4. HP: 22/40 MP: 3/3
  2572 | D:3      | Noticed a scorpion
  2581 | D:3      | Killed a scorpion
  2582 | D:3      | Reached XP level 5. HP: 25/47 MP: 4/4
  2585 | D:3      | Reached skill level 5 in Long Blades
  3405 | D:3      | You fall into a shaft and drop 3 floors!
  3427 | D:6      | Noticed a water moccasin
  3442 | D:6      | Killed a water moccasin
  3443 | D:6      | Reached XP level 6. HP: 31/53 MP: 5/5
  3533 | D:6      | Found a runed translucent door.
  3540 | D:6      | Noticed Crazy Yiuf
  3548 | D:6      | Killed Crazy Yiuf
  3549 | D:6      | Reached skill level 1 in Throwing
  3626 | D:6      | HP: 1/79 [gnoll/+0 spear (4)]
  3863 | D:6      | Reached skill level 1 in Spellcasting
  3917 | D:8      | Noticed Prince Ribbit
  3927 | D:8      | Killed Prince Ribbit
  3928 | D:8      | Reached skill level 5 in Fighting
  3928 | D:8      | Reached skill level 6 in Long Blades
  3928 | D:8      | Reached XP level 7. HP: 26/61 MP: 7/7
  3971 | D:8      | HP: 3/61 [gnoll sergeant/+0 spear (3)]
  4033 | D:8      | Slain by a gnoll sergeant

Illustrated notes

Levels and vault maps discovered:
D:1:      psy_arrival_radial01, layout_basic, serial_bayou_lake_a
D:2:      layout_loops_corners, serial_aquarium, aquarium_bridge_square
          [aquarium_subvault_bridge, aquarium_subvault_window,
          aquarium_subvault_bridge, aquarium_subvault_wall],
          aquarium_window_corner, aquarium_window_fake, aquarium_window_2,
          aquarium_view_2a, aquarium_view_2d, aquarium_pool_side, uniq_terence
D:3:      layout_basic, serial_forest, infiniplex_forest_clump_tiny,
          infiniplex_forest_corner_1, infiniplex_forest_end_double,
          infiniplex_forest_clump_curved, infiniplex_forest_lined_corner,
          infiniplex_forest_lined_room_3, infiniplex_forest_lined_room_2,
          infiniplex_forest_clump_small, infiniplex_forest_lined_4_way,
          infiniplex_forest_end_2, minmay_quantized
D:6:      layout_loops_ring, nemelex_diamond_rough_becter, xom_teletrap_fun,
          mainiacjoe_overflow_brackets, uniq_crazy_yiuf_cottage
D:7:      layout_loops_corners, mainiacjoe_overflow_alcove_2
D:8:      layout_gridville, uniq_prince_ribbit1, uniq_psyche

Skill      XL: |  1  2  3  4  5  6 |
---------------+-------------------+-----
Long Blades    | 4 5 6 |  6.4
Fighting       | 4 5 |  5.0
Armour         | 1 3 4 |  4.1
Dodging        | 4 |  4.8
Throwing       | 2 |  2.0
Spellcasting   | 1 |  1.4
Maces & Flails | |  0.6
Stealth        | |  0.4

Action                     |  1- 3 |  4- 6 |  7- 9 || total
---------------------------+-------+-------+-------++-------
  Melee: Falchion          |    48 |   121 |     4 ||   173
         Headbutt          |    13 |    21 |     2 ||    36
         Flail             |       |     6 |       ||     6
    Use: Scroll            |     3 |     2 |       ||     5
         Potion            |     2 |     4 |     4 ||    10
 Armour: Leather armour    |     7 |    39 |     6 ||    52
         Skin              |       |    11 |       ||    11
  Dodge: Dodged            |    31 |    84 |     9 ||   124

Table legend: (Time is in decaauts)
 A = Elapsed time spent in this place.
 B = Non-inter-level travel time spent in this place.
 C = Inter-level travel time spent in this place.
 D = Time resting spent in this place.
 E = Time spent auto-exploring this place.
 F = Levels seen in this place.
 G = Mean time per level.
                   A        B        C        D        E       F      G
               +--------+--------+--------+--------+--------+-----+--------+
         Total |   4065 |   2628 |   1437 |      0 |   1922 |   6 |  677.5 |
       Dungeon |   4065 |   2628 |   1437 |      0 |   1922 |   6 |  677.5 |
               +--------+--------+--------+--------+--------+-----+--------+

Top non-repeatable levels by time:
     D:2: 1341 daAuts
     D:1: 1222 daAuts
     D:3: 892 daAuts
     D:6: 468 daAuts
     D:8: 97 daAuts
     D:7: 42 daAuts
